 Dungeon Crawl Stone Soup version 0.25.0-1-g7eea58d2a3 (webtiles) character file.

Game seed: 11487574654171243332

394 Esekla the Slasher (level 6, -9/41 HPs)
             Began as an Octopode Warper on June 14, 2020.
             Mangled by an ogre
             ... wielding a +0 giant club
              (15 damage)
             ... on level 5 of the Dungeon.
             The game lasted 00:27:46 (3667 turns).

Esekla the Slasher (Octopode Warper)                Turns: 3667, Time: 00:27:46

Health: -9/41      AC:  5    Str: 11    XL:     6   Next: 81%
Magic:  6/9        EV: 14    Int: 17    God:
Gold:   212        SH:  0    Dex: 11    Spells: 5/9 levels left

rFire    . . .     SeeInvis .   a - +0 falchion
rCold    . . .     Gourm    .   (no shield)
rNeg     . . .     Faith    .   (helmet restricted)
rPois    .         Spirit   .   (no amulet)
rElec    .         Reflect  .   k - +4 ring of protection (curse)
rCorr    .         Harm     .   w - ring of flight
MR       .....                  t - ring of stealth
Stlth    ++++......             (no ring)
HPRegen  0.13/turn              (no ring)
MPRegen  0.11/turn              (no ring)
                                (no ring)
                                (no ring)

@: no status effects
A: almost no armour, stealthy swim, amphibious, 8 rings, constrict 8, camouflage
1, gelatinous body 1
a: Evoke Flight


You were on level 5 of the Dungeon.
You were very hungry.

You visited 1 branch of the dungeon, and saw 5 of its levels.

You collected 212 gold pieces.

Inventory:

Hand Weapons
 a - a +0 falchion (weapon)
 p - a +0 short sword
Missiles
 d - 5 boomerangs of dispersal
 u - 3 boomerangs (quivered)
Jewellery
 k - a cursed +4 ring of protection (left tentacle)
 o - an uncursed amulet of faith
 t - a ring of stealth (on tentacle)
 w - a ring of flight (right tentacle)
Wands
 y - a wand of acid (6)
Scrolls
 b - a scroll of enchant weapon {unknown}
 c - a scroll of blinking
 e - 4 scrolls of teleportation
 h - 5 scrolls of remove curse {unknown}
 i - 2 scrolls of identify
 l - 3 scrolls of immolation {unknown}
 q - a scroll of amnesia {unknown}
Potions
 g - 2 potions of magic {unknown}
 j - a potion of lignification
 m - a potion of might {unknown}
 n - a potion of resistance
 r - a potion of flight {unknown}
 s - 2 potions of stabbing {unknown}
 v - a potion of berserk rage {unknown}
 x - a potion of mutation {unknown}
Comestibles
 f - 9 rations


   Skills:
 * Level 2.5 Fighting
 * Level 4.4 Long Blades
 - Level 1.0 Throwing
 + Level 3.0 Dodging
 + Level 4.1 Stealth
 + Level 2.4 Spellcasting
 * Level 2.4 Charms
 + Level 3.3 Translocations


You had 5 spell levels left.
You knew the following spells:

 Your Spells              Type           Power        Failure   Level  Hunger
a - Shroud of Golubria    Chrm/Tloc      ##....       9%          2    ##.....
b - Blink                 Tloc           N/A          7%          2    ##.....

Your spell library contained the following spells:

 Spells                   Type           Power        Failure   Level  Hunger
 Gell's Gravitas          Tloc           ##........   14%         3    ###....
 Lesser Beckoning         Tloc           ##........   14%         3    ###....
 Teleport Other           Tloc           ##......     14%         3    ###....
 Passage of Golubria      Tloc           N/A          43%         4    #####..


Dungeon Overview and Level Annotations

Branches:
Dungeon (5/15)
 Temple: D:4-7

Altars:
Fedhas
Zin

Annotations:
D:2 Sigmund
D:4 3 runed translucent doors, kathalu's ghost, amateur MiFi


Innate Abilities, Weirdness & Mutations

You cannot wear most types of armour.
You are very stealthy in the water. (Stealth+)
You are amphibious.
You can wear up to eight rings at the same time.
You can use your tentacles to constrict eight enemies at once.
Your skin changes colour to match your surroundings (Stealth+).
Your rubbery body absorbs attacks. (AC +1, EV +1)


Message History

The bullfrog hits you.
Casting: Shroud of Golubria (safe; 9% risk of failure)
Confirm with . or Enter, or press ? or * to list all spells.
Space distorts slightly along a thin shroud covering your body.
The bullfrog closely misses you. The bullfrog barely misses you.
The bullfrog hits you but does no damage.
The bullfrog hits you.
* * * LOW HITPOINT WARNING * * *
The bullfrog hits you but does no damage.
The bullfrog barely misses you.
You riposte.
You hit the bullfrog. Your grab misses the bullfrog. You squeeze the bullfrog.
The bullfrog is moderately wounded.
The bullfrog hits you but does no damage.
Casting: Shroud of Golubria (safe; 9% risk of failure)
Confirm with . or Enter, or press ? or * to list all spells.
You blink.
The bullfrog hits you.
* * * LOW HITPOINT WARNING * * *
Your shroud falls apart!
The ogre hits you with a +0 giant club!
You die...

#############
#...........#
+.F§...>###.#
#@#####.# #.#
###O#####.# #<# ##
#...o...#.# ###
... #.#o###o#.#
#......#.#.# #.#.#
#......#.#o###.#.#
'........#....>#.#
..o.......#####
.........'


You could see an ogre, a bullfrog, 2 orc wizards and an orc.

Vanquished Creatures
  2 hounds
  2 orc priests
  2 worker ants
  2 hound skeletons (D:4)
  11 adders
  A shadow imp (D:4)
  An ooze (D:2)
  4 leopard geckos
  15 orcs
  A ball python (D:2)
  3 giant cockroaches
  5 goblins
  4 hobgoblins
  4 jackals (D:1)
  3 quokkas
  8 bats
  2 frilled lizards (D:3)
  4 kobolds
  A quokka skeleton (D:4)
  15 rats
90 creatures vanquished.

Notes
Turn   | Place    | Note
-------+----------+-------------------------------------------
     0 | D:1      | Esekla the Octopode Warper began the quest for the Orb.
     0 | D:1      | Reached XP level 1. HP: 14/14 MP: 3/3
   265 | D:1      | Reached XP level 2. HP: 11/19 MP: 5/5
   282 | D:1      | Learned a level 2 spell: Shroud of Golubria
   285 | D:1      | Learned a level 2 spell: Blink
   542 | D:2      | Reached skill level 1 in Stealth
   563 | D:2      | Reached XP level 3. HP: 20/24 MP: 6/6
  1486 | D:3      | Reached XP level 4. HP: 30/30 MP: 4/7
  1550 | D:2      | Noticed Sigmund
  1610 | D:2      | Reached skill level 1 in Charms
  1768 | D:2      | Found a glowing silver altar of Zin.
  1768 | D:2      | Found a blossoming altar of Fedhas.
  1790 | D:2      | Reached XP level 5. HP: 33/35 MP: 5/8
  3012 | D:4      | Reached XP level 6. HP: 39/41 MP: 9/9
  3163 | D:4      | Found a runed translucent gate.
  3163 | D:4      | Found a runed translucent gate.
  3163 | D:4      | Found a runed translucent gate.
  3212 | D:4      | Noticed kathalu's ghost (amateur MiFi)
  3212 | D:4      | Noticed an ice beast
  3466 | D:5      | Entered Level 5 of the Dungeon
  3667 | D:5      | Mangled by an ogre

Illustrated notes

Levels and vault maps discovered:
D:1:      tarquinn_simple_flora_water_a, layout_basic
D:2:      layout_basic, gammafunk_temple_overflow_pools, minmay_pentomino_p4,
          uniq_sigmund
D:3:      layout_basic, serial_forest, infiniplex_forest_lined_3,
          infiniplex_forest_lined_4_way, infiniplex_forest_clump_tiny,
          infiniplex_forest_corner_1, infiniplex_forest_clump_double,
          minmay_misc_feat_chi
D:4:      layout_rooms, gammafunk_ghost_icy
D:5:      layout_basic, first_ration

Skill      XL: |  1  2  3  4  5  6 |
---------------+-------------------+-----
Stealth        | 1 2 3 4 |  4.1
Charms         | 1 2 |  2.4
Long Blades    | 3 4 |  4.4
Dodging        | 3 |  3.0
Fighting       | |  2.5
Throwing       | |  1.0
Spellcasting   | |  2.4
Translocations | |  3.3

Action                   |  1- 3 |  4- 6 || total
-------------------------+-------+-------++-------
Melee: Falchion          |    77 |   130 ||   207
       Constrict         |    21 |    40 ||    61
       Tentacles         |     9 |    29 ||    38
       Short sword       |       |     4 ||     4
 Cast: Shroud of Golubri |     7 |    13 ||    20
       Blink             |     1 |     1 ||     2
  Use: Scroll            |       |     4 ||     4
 Stab: Sleeping          |    10 |    10 ||    20
       Distracted        |       |     2 ||     2
  Eat: Chunk             |     2 |     7 ||     9
Armor: Skin              |     9 |    35 ||    44
Dodge: Dodged            |    49 |    98 ||   147
       Rpst.: Falchion   |    18 |    32 ||    50
